Map: Lerilak Crest

Players

Marshmallow - Winner!

  • Race: Terran Terran
  • League: Diamond

MorN

  • Race: Terran Terran
  • League: Master

VOD

Have the link to the VOD?

Description

Time

  • Played on: Nov. 29, 2015, 7:54 p.m.
  • Length: 12:21
Show
View Real Time Build Order
Export as new Build Order

Marshmallow Terran - Winner!

Build Orders: MMM Bio 

Get SALT Encoding   

  12  0:01  SCV  
  13  0:13  SCV  
  14  0:22  Supply Depot  
  14  0:25  SCV  
  15  0:29  Refinery  
  15  0:44  SCV  
  15  0:45  Barracks  
  16  0:56  SCV  
  17  1:10  SCV  
  18  1:22  SCV  
  19  1:33  Supply Depot  
  19  1:34  Orbital Command  
  19  1:39  Marine  
  20  1:56  Factory, Refinery  
  20  1:58  Marine  
  20  2:00  SCV  
  22  2:12  SCV  
  23  2:15  Marine  
  24  2:28  SCV  
  25  2:33  Marine  
  26  2:39  Factory Tech Lab  
  26  2:40  SCV, Starport  
  26  2:52  SCV  
  26  2:53  Marine  
  26  2:57  Supply Depot  
  28  3:04  Supply Depot, SCV  
  29  3:08  Factory Tech Lab  
  29  3:15  Marine  
  32  3:37  Marine  
  33  3:43  Siege Tank  
  33  3:46  Command Center  
  36  3:49  SCV  
  36  3:55  Marine  
  37  3:57  Raven  
  37  4:01  SCV  
  38  4:13  SCV, Marine  
  40  4:25  Command Center  
  40  4:26  SCV, Barracks  
  40  4:31  Marine  
  41  4:38  SCV  
  43  4:43  Factory Reactor  
  43  4:45  Barracks  
  43  4:49  Barracks  
  43  4:50  SCV  
  44  4:54  Supply Depot  
  44  4:56  Starport Tech Lab  
  42  5:17  Marine x2  
  43  5:29  Raven  
  43  5:33  Stimpack  
  43  5:34  Combat Shields  
  45  5:40  Orbital Command  
  45  5:42  Factory Reactor  
  45  5:47  SCV  
  43  5:59  Marine  
  43  6:00  SCV, Marine x2  
  47  6:04  Marine x2  
  47  6:05  Orbital Command  
  47  6:07  SCV  
  44  6:12  SCV  
  43  6:19  SCV, Marine x2  
  43  6:24  SCV, Starport Reactor  
  47  6:29  Factory Tech Lab  
  47  6:31  SCV, Marine x2  
  50  6:34  SCV  
  50  6:36  SCV  
  50  6:38  Barracks  
  52  6:40  Marine x2  
  52  6:43  SCV  
  52  6:46  SCV  
  56  6:48  SCV, Siege Tank  
  56  6:49  Marine x2  
  56  6:51  Marine  
  56  6:52  Marine  
  64  6:55  SCV  
  64  6:58  SCV, Marine  
  64  6:59  Marine  
  64  7:00  SCV  
  69  7:01  Medivac  
  69  7:02  Medivac  
  69  7:07  SCV, Marine  
  75  7:08  Supply Depot  
  75  7:10  SCV  
  75  7:12  SCV  
  75  7:13  Marine x3  
  80  7:15  Marine  
  80  7:17  Marine  
  80  7:19  SCV  
  80  7:22  SCV  
  84  7:24  Marine  
  85  7:31  Marine x2  
  85  7:32  Marine x2  
  85  7:33  Siege Tank, Marine  
  93  7:40  SCV x3, Marine  
  93  7:41  Supply Depot  
  93  7:42  Supply Depot, Marine  
  98  7:48  Marine  
  98  7:49  Marine  
  98  7:50  Marine  
  101  7:52  Barracks  
  101  7:54  Barracks  
  101  8:01  Engineering Bay  
  101  8:02  Marine x2  
  101  8:03  SCV, Engineering Bay, Marine x2  
  101  8:05  SCV x2  
  108  8:13  Marine x3  
  107  8:25  Marine x2  
  107  8:26  Marine x2  
  97  8:29  Terran Infantry Weapons Level 1, Terran Infantry Armor Level 1, Refinery x2  
  97  8:30  SCV, Siege Tank  
  97  8:31  Marine  
  102  8:34  SCV x2  
  104  8:41  Barracks Reactor  
  104  8:42  Barracks Reactor  
  104  8:43  Barracks  
  104  8:44  SCV  
  104  8:45  Barracks  
  104  8:48  Marine x2  
  107  8:51  SCV x2  
  107  8:55  Armory  
  109  8:56  SCV  
  109  9:00  Medivac x2  
  109  9:02  Marine x3  
  117  9:07  Supply Depot  
  117  9:28  Marine x2  
  117  9:29  SCV x2, Marine x4  
  125  9:33  Supply Depot x2, Marine x3  
  125  9:34  Marine  
  125  9:37  Supply Depot  
  106  9:42  Marine  
  106  9:43  Siege Tank  
  103  9:46  Marine x4  
  103  9:47  Marine x4  
  103  9:50  Terran Vehicle Weapons Level 1  
  103  9:51  Marine x3  
  103  9:52  Marine  
  115  9:55  Medivac x2  
  115  9:59  Marine  
  119  10:04  Marine x5  
  125  10:07  Missile Turret  
  125  10:08  Missile Turret, Marine x3  
  125  10:09  Missile Turret  
  125  10:11  Missile Turret x2  
  128  10:15  Siege Tank  
  128  10:19  Marine x2  
  128  10:20  Missile Turret, Marine  
  128  10:21  Missile Turret  
  134  10:27  Missile Turret  
  134  10:31  Marine x2  
  134  10:32  Marine x2  
  127  10:42  Marine  
  120  10:43  Marine x2  
  120  10:44  Marine x3  
  120  10:49  Marine x4  
  122  10:51  Siege Tank, Marine x2  
  122  10:53  Marine  
  130  11:00  Marine x3  
  130  11:02  Marine x3  
  130  11:03  Supply Depot  
  136  11:06  Supply Depot, Medivac  
  136  11:07  Supply Depot, Marine  
  136  11:09  Marine x2  
  141  11:29  Marine  
  141  11:30  Marine x6  
  141  11:31  Siege Tank, Marine  
  152  11:41  Marine  
  152  11:42  Marine  
Show
View Real Time Build Order
Export as new Build Order

MorN Terran 

Build Orders: Reaper Expand, MMM Bio 

Get SALT Encoding   

  12  0:00  SCV  
  13  0:13  SCV  
  14  0:17  Supply Depot  
  14  0:25  SCV  
  15  0:39  SCV, Barracks  
  16  0:46  Refinery  
  16  0:51  SCV  
  17  1:03  SCV  
  18  1:17  SCV  
  19  1:30  Reaper, Orbital Command  
  20  1:42  Command Center  
  20  1:54  Supply Depot  
  20  1:57  SCV  
  21  2:02  Reaper  
  22  2:09  SCV  
  23  2:15  Refinery  
  23  2:21  SCV  
  24  2:38  Factory  
  24  2:51  Barracks Reactor  
  24  2:52  SCV  
  24  2:55  Orbital Command  
  25  2:59  Engineering Bay  
  25  3:04  SCV  
  26  3:16  SCV  
  26  3:28  SCV x2  
  27  3:35  Starport  
  27  3:36  Command Center  
  27  3:40  SCV  
  28  3:42  Barracks Tech Lab, Hellion x2  
  28  3:44  SCV  
  28  3:46  Terran Infantry Weapons Level 1  
  33  3:52  SCV  
  34  3:56  SCV  
  35  4:03  Hellion  
  35  4:04  SCV, Hellion  
  35  4:09  SCV  
  41  4:11  Barracks Tech Lab  
  41  4:16  SCV  
  42  4:18  Banshee, Cloaking Field  
  42  4:21  SCV  
  46  4:30  SCV, Missile Turret  
  43  4:33  SCV  
  43  4:37  Bunker  
  44  4:39  Bunker  
  42  4:46  Siege Tank, Marine  
  42  4:47  Marine  
  42  4:51  Supply Depot  
  47  4:53  Supply Depot  
  47  4:54  Orbital Command  
  47  5:01  Banshee  
  49  5:17  Marine x2  
  47  5:35  Siege Tank, Marine x2  
  52  5:36  Supply Depot x2  
  52  5:52  Marine  
  52  5:53  Marine  
  54  6:27  Orbital Command  
  54  6:29  SCV  
  55  6:33  Barracks  
  55  6:34  Stimpack  
  55  6:35  Barracks, Medivac x2  
  55  6:36  Barracks  
  55  6:38  Barracks  
  59  6:46  Marine  
  60  6:47  Siege Tank  
  63  7:02  Command Center  
  63  7:04  Marine  
  64  7:11  Refinery  
  64  7:13  Refinery  
  64  7:15  SCV x2  
  66  7:26  Barracks Reactor x4  
  66  7:27  SCV x2  
  68  7:37  Marine  
  69  7:55  Marine  
  70  7:59  Siege Tank, Medivac  
  70  8:02  Marine x3  
  78  8:07  Supply Depot x2  
  78  8:08  Supply Depot x2  
  78  8:13  Marine x6  
  84  8:20  Marine  
  84  8:27  Marine x2  
  72  8:31  Siege Tank, Marine x2  
  80  8:34  SCV, Combat Shields  
  80  8:37  SCV  
  80  8:39  Marine x4  
  85  8:43  Medivac  
  85  8:45  Marine x2  
  85  8:46  SCV  
  85  8:48  Orbital Command  
  90  8:49  SCV  
  91  8:57  Marine x2  
  91  8:58  SCV  
  91  8:59  Marine x5  
  91  9:01  SCV, Medivac  
  91  9:02  Terran Infantry Armor Level 1, Marine  
  102  9:05  Marine  
  104  9:10  SCV  
  104  9:14  Marine x2  
  104  9:17  Marine x2  
  107  9:18  Marine x3  
  109  9:29  Orbital Command  
  100  9:36  Marine  
  100  9:37  Marine x4  
  100  9:38  Marauder  
  91  9:49  Marine x3  
  94  9:56  SCV x2  
  96  10:03  Marine  
  96  10:04  Marine x3  
  96  10:05  Marauder  
  96  10:07  Supply Depot  
  102  10:08  SCV  
  102  10:12  Marine x4  
  107  10:16  Supply Depot  
  107  10:21  Marine x2  
  107  10:30  Marine x3  
  107  10:31  Marauder  
  107  10:32  Marine x3  
  109  10:39  Marine x2  
  82  10:50  Marine x4  
  82  10:51  SCV x3  
  89  11:02  Siege Tank, Medivac x2  
  89  11:03  SCV x3  
  99  11:15  SCV  
  99  11:19  Marine x3  
  102  11:29  Marine  
  102  11:30  Marine x4  
  107  11:38  Marine x4  
  111  11:43  Command Center  
  111  11:45  Engineering Bay  
  99  12:00  Marine  
Tags
 
Composition
MMM BioMMM Bio
Matchup
TvT
Race
Terran
Replay Pack
MorN pack 2
Add a new tag
Caveats
  • Supply blocks, unpowered buildings, or Contaminate may cause inaccurate times.
  • Supply counts are checked every 10 seconds.